 Dungeon Crawl Stone Soup version 0.29.1-12-g30fa7ad0bf (webtiles) character file.

Game seed: 11950847062363990015

783 MisterFreud the Nimble (level 7, -1/31 HPs)
             Began as a Felid Berserker on Dec 27, 2022.
             Was a Priest of Trog.
             Shot with an arrow by a centaur (12 damage)
             ... on level 5 of the Dungeon.
             The game lasted 00:04:27 (6058 turns).

MisterFreud the Nimble (Felid Berserker)            Turns: 6058, Time: 00:04:27

Health: -1/31      AC:  2    Str: 13    XL:     7   Next: 55%
Magic:  8/8        EV: 23    Int:  9    God:    Trog [***...]
Gold:   267        SH:  0    Dex: 17    Spells: 6/6 levels left
                                        Lives:  0   Deaths: 2

rFire   . . .      SeeInvis +     - Unarmed
rCold   . . .      Faith    .   (shield unavailable)
rNeg    . . .      Spirit   .   (body armour unavailable)
rPois   +          Reflect  .   (helmet unavailable)
rElec   .          Harm     .   (cloak unavailable)
rCorr   .          Rampage  .   (gloves unavailable)
Will    +....                   (boots unavailable)
Stlth   +++.......              (no amulet)
HPRegen 0.10/turn               f - ring of poison resistance
MPRegen 0.11/turn               (no ring)

@: quick
A: very small, claws 1, fangs 3, see invisible, speed 1, shaggy fur 2, stealthy
paws, no weapons or thrown items, no armour, multi-lived
a: Renounce Religion, Berserk, Trog's Hand


You were on level 5 of the Dungeon.
You worshipped Trog.
Trog was most pleased with you.
You visited 1 branch of the dungeon, and saw 5 of its levels.

You collected 267 gold pieces.

Inventory:

Jewellery
 f - a ring of poison resistance (left paw)
Wands
 m - a wand of roots (12)
Scrolls
 g - 4 scrolls of teleportation
 k - 2 scrolls of identify
 n - a scroll of blinking
 o - a scroll of fear {unknown}
Potions
 a - 4 potions of curing
 b - 2 potions of mutation
 c - 2 potions of brilliance
 d - 2 potions of attraction {unknown}
 e - a potion of berserk rage {unknown}
 h - a potion of heal wounds {unknown}
 i - 3 potions of haste
 j - 2 potions of magic {unknown}
 l - a potion of might {unknown}


   Skills:
 + Level 3.6 Fighting
 - Level 10.0 Dodging
 - Level 6.0 Stealth
 - Level 6.0 Unarmed Combat


You had 6 spell levels left.
You didn't know any spells.
Your spell library was empty.

Dungeon Overview and Level Annotations

Branches:
Dungeon (5/15)
 Temple: D:4-7

Altars:
Cheibriados
Fedhas
Gozag
Makhleb
Ru
Xom
Yredelemnul

Shops:
D:4 [


Innate Abilities, Weirdness & Mutations

You have sharp claws.
You have razor-sharp teeth.
You have supernaturally acute eyesight. (SInv)
You cover ground quickly. (Speed+)
You are covered in thick fur. (AC +2)
Your paws help you pounce on unaware monsters.
You are incapable of wielding weapons or throwing items.
You cannot wear armour.
You gain extra lives every three experience levels.


Message History

The iguana is moderately wounded.
The iguana bites you!
You closely miss the iguana. You bite the iguana.
The iguana is moderately wounded.
The iguana completely misses you.
You barely miss the iguana. You bite the iguana, but do no damage.
The iguana is moderately wounded.
The iguana completely misses you.
You are too injured to fight recklessly!
You scratch the iguana. You bite the iguana, but do no damage.
The iguana is heavily wounded.
The iguana misses you.
You are too injured to fight recklessly!
You scratch the iguana.
The iguana is almost dead.
The iguana bites you.
* * * LOW HITPOINT WARNING * * *
You scratch the iguana.
You kill the iguana!
Trog accepts your kill.
You are too injured to fight recklessly!
You start resting.
HP restored.
You see here an iguana skeleton.
You now have 267 gold pieces (gained 16).
You see here a staff of fire.
No target in view!
You see here a staff of fire.
You see here an iguana skeleton.
A centaur comes into view.
The centaur shouts!
The centaur wields a +0 shortbow.
The centaur shoots an arrow.
The arrow hits you!
The centaur shoots an arrow.
The arrow hits you!
A centaur is nearby!
You are too injured to fight recklessly!
You are too injured to fight recklessly!
The centaur shoots an arrow.
The arrow misses you.
The centaur shoots an arrow.
The arrow hits you!
You die...

#####.#........######.#########[#
#####.##.....#.# #.##...## #.#
......###...##.# #.#.###.###.#
####### ##)###.# #..## ##.##.# #
#.# #.### #..# #....# # #.# #...#
##..## ##.#### #.#
###.###....###...).. ####.#
#.##....[.(.###### #....#
#@##......>## #... #.####
#.##.......# #.##
###.########c###.[.#..####.#
#[.#......##.# ####.#).....##
#.#.#####.##.# ##..###.... #.#.#
#.# ##..<....# #####.#.# #.#
#####.... ......#.# #.# #).##
#####.#.# #..#


You could see a centaur.

Vanquished Creatures
  Eustachio (D:4)
  Menkaure (D:4)
  A water moccasin (D:5)
  2 ogres
  A centaur (D:5)
  2 scorpions (D:4)
  3 jellies (D:5)
  2 hounds (D:4)
  2 iguanas (D:5)
  An orc wizard (D:5)
  A scorpion zombie (D:5)
  A hound zombie (D:5)
  Robin (D:2)
  8 gnolls
  6 adders
  2 worms (D:2)
  2 dart slugs (D:4)
  8 orcs
  3 ball pythons
  3 endoplasms
  4 giant cockroaches
  17 goblins
  6 hobgoblins
  12 jackals
  A quokka (D:1)
  5 bats
  2 frilled lizards (D:1)
  6 kobolds
  4 rats (D:1)
108 creatures vanquished.

Notes
Turn   | Place    | Note
-------+----------+-------------------------------------------
     0 | D:1      | MisterFreud the Felid Berserker began the quest for the
                  | Orb.
     0 | D:1      | Reached XP level 1. HP: 10/10 MP: 2/2
    56 | D:1      | Reached skill level 1 in Stealth
   150 | D:1      | Reached XP level 2. HP: 8/14 MP: 3/3
   670 | D:1      | Reached ** piety under Trog
   826 | D:1      | Reached XP level 3. HP: 16/17 MP: 4/4
   929 | D:1      | Found a faded altar of an unknown god.
  1636 | D:2      | Reached XP level 4. HP: 17/21 MP: 5/5
  1920 | D:2      | Noticed Robin
  2377 | D:2      | Killed Robin
  2766 | D:3      | Found a sacrificial altar of Ru.
  3213 | D:4      | Noticed a scorpion
  3219 | D:4      | Killed a scorpion
  3220 | D:4      | Reached skill level 5 in Stealth
  3220 | D:4      | Reached XP level 5. HP: 19/24 MP: 6/6
  3347 | D:4      | Noticed Menkaure
  3355 | D:4      | Slain by Menkaure
  3356 | D:4      | Reached XP level 4. HP: -1/31 MP: 5/5
  3364 | D:4      | Noticed a scorpion
  3374 | D:4      | Killed a scorpion
  3375 | D:4      | Reached skill level 5 in Unarmed Combat
  3375 | D:4      | Reached XP level 5. HP: 21/24 MP: 6/6
  3418 | D:4      | Noticed Eustachio
  3425 | D:4      | Killed Eustachio
  3426 | D:4      | Gained mutation: You are covered in thick fur. (AC +2)
                  | [Felid growth]
  3426 | D:4      | Reached XP level 6. HP: 28/28 MP: 7/7
  3602 | D:4      | Reached *** piety under Trog
  3629 | D:4      | Found a hazy altar of Hepliaklqana.
  3632 | D:4      | Found a blossoming altar of Fedhas.
  3632 | D:4      | Found a snail-covered altar of Cheibriados.
  3634 | D:4      | Found a burning altar of Makhleb.
  3634 | D:4      | Found a shimmering altar of Xom.
  3634 | D:4      | Found an opulent altar of Gozag.
  3689 | D:4      | Reached skill level 5 in Dodging
  3796 | D:4      | Killed Menkaure
  3797 | D:4      | Reached skill level 6 in Dodging
  3797 | D:4      | Reached XP level 7. HP: 21/31 MP: 8/8
  4080 | D:4      | Found Text's Antique Armour Emporium.
  4110 | D:4      | HP: 1/31 [gnoll/+0 whip (8)]
  4112 | D:4      | Reached skill level 7 in Dodging
  4517 | D:5      | Entered Level 5 of the Dungeon
  4621 | D:5      | Found a basalt altar of Yredelemnul.
  4664 | D:5      | Reached skill level 8 in Dodging
  4697 | D:5      | Slain by an iguana
  4698 | D:5      | Reached XP level 6. HP: -2/28 MP: 7/7
  5204 | D:5      | Noticed a water moccasin
  5206 | D:5      | Killed a water moccasin
  5207 | D:5      | Reached skill level 9 in Dodging
  5207 | D:5      | Reached XP level 7. HP: 31/31 MP: 8/8
  5495 | D:5      | Reached skill level 10 in Dodging
  6058 | D:5      | Shot with an arrow by a centaur

Illustrated notes

Levels and vault maps discovered:
D:1:      roderic_chinese_lattice_arrival, layout_loops_corners,
          ebering_ecumenical_altar_rust, nicolae_kite_square_tiling_tiny,
          minmay_misc_feat_iff
D:2:      layout_loops_ring, st_stairs_12, uniq_robin
D:3:      layout_basic, lemuel_doored_altar
D:4:      layout_basic, doesnt_xom_only_xom, serial_shops,
          nicolae_shop_temple_entry_statues_fountains, kennysheep_windowed_goal,
          uniq_menkaure, uniq_eustachio
D:5:      layout_loops_ring, lemuel_zombie_altar_yredelemnul

Skill      XL: |  1  2  3  4  5  6  7 |
---------------+----------------------+-----
Stealth        | 1 2 3 5 6 |  6.0
Unarmed Combat | 4 5 6 |  6.0
Dodging        | 9 10 | 10.0
Fighting       | |  3.6

Action                   |  1- 3 |  4- 6 |  7- 9 || total
-------------------------+-------+-------+-------++-------
Melee: Unarmed           |   108 |   127 |    83 ||   318
       Punch             |     3 |     5 |     2 ||    10
       Bite              |     8 |    12 |    16 ||    36
Invok: Berserk           |       |     4 |     1 ||     5
       Trog's Hand       |       |       |     1 ||     1
  Use: Scroll            |     3 |     7 |       ||    10
 Stab: Sleeping          |     3 |    13 |     1 ||    17
       Distracted        |       |     2 |       ||     2
Armor: Skin              |     6 |     3 |     3 ||    12
Dodge: Dodged            |    77 |    90 |    56 ||   223
